 Dungeon Crawl Stone Soup version 0.19-a0-569-g984bae3 (webtiles) character file.

18 Charmandara the Magician (level 2, -1/15 HPs)
             Began as a Deep Elf Wizard on June 9, 2016.
             Slain by a jackal (2 damage)
             ... on level 1 of the Dungeon.
             The game lasted 00:02:10 (995 turns).

Charmandara the Magician (Deep Elf Wizard)           Turns: 995, Time: 00:02:11

Health: -1/15      AC:  2    Str:  4    XL:     2   Next: 51%
Magic:  6/9        EV: 13    Int: 22    God:
Gold:   28         SH:  0    Dex: 13    Spells: 4 memorised, 2 levels left

rFire  . . .     SeeInvis .     h - +0 club
rCold  . . .     Gourm    .     a - +0 robe
rNeg   . . .     Faith    .     (no shield)
rPois  .         Spirit   .     b - +0 hat
rElec  .         Dismiss  .     (no cloak)
rCorr  .         Reflect  .     (no gloves)
SustAt .         Harm     .     (no boots)
MR     .....                    (no amulet)
Stlth  ++........               (no ring)
                                (no ring)

@: not resistant to hostile enchantments, unstealthy
A: no striking features
a: no special abilities


You were on level 1 of the Dungeon.
You were not hungry.

You visited 1 branch of the dungeon, and saw 1 of its levels.

You collected 28 gold pieces.

Inventory:

Hand Weapons
 h - a +0 club (weapon)
   (You took it off a hobgoblin on level 1 of the Dungeon)
Armour
 a - a +0 robe (worn)
 b - a +0 hat (worn)
 k - a cursed +0 scale mail
   (You found it on level 1 of the Dungeon)
Scrolls
 e - a scroll of teleportation {unknown}
 i - 2 scrolls of identify {unknown}
Books
 c - a book of Minor Magic
Comestibles
 d - a bread ration {@e1}
 f - 2 chunks of flesh {@w0}
 g - a slice of pizza
 j - a beef jerky


   Skills:
 - Level 2.4 Dodging
 - Level 2.4 Stealth
 - Level 4.4 Spellcasting
 + Level 2.9 Conjurations
 - Level 1.1 Summonings
 - Level 1.1 Translocations


You had 2 spell levels left.
You knew the following spells:

 Your Spells              Type           Power        Failure   Level  Hunger
a - Magic Dart            Conj           ###.         3%          1    None
b - Blink                 Tloc           N/A          12%         2    #......
c - Call Imp              Summ           #.......     12%         2    #......
d - Repel Missiles        Chrm/Air       #.....       17%         2    #......


Dungeon Overview and Level Annotations

Branches:
Dungeon (1/15)

Altars:


Message History

You kill the goblin!
An ooze comes into view.
You now have 4/9 mp.
Things that are here:
a club; a goblin corpse You butcher the goblin corpse.
Things that are here:
a club; 2 chunks of flesh {@w0}
Aim: an ooze The magic dart hits the ooze.
You now have 4/9 mp.
You miscast Call Imp.
Nothing appears to happen.
You now have 2/9 mp.
Unknown command.
You miscast Call Imp.
You hear strange voices.
You now have 0/9 mp.
Unknown command.
You hit the ooze. The ooze barely misses you. x2
You hit the ooze. The ooze closely misses you.
You hit the ooze. The ooze hits you but does no damage.
You hit the ooze.
You kill the ooze!
You start resting.
All of the chunks of flesh in your inventory have rotted away.
MP restored: 9
f - 2 chunks of flesh {@w0} You see here a club.
You open the door.
A jackal comes into view.
There is an open door here.
A jackal is nearby!
A jackal is nearby!
A beastly little devil appears in a puff of flame.
The jackal barks!
The jackal barely misses you.
You hear a bark! x2
You now have 7/9 mp.
Unknown command.
Unknown command.
A jackal comes into view.
The jackal barks!
Your magical contamination has completely faded away.
A jackal comes into view.
You hit the jackal.
The jackal bites you but does no damage.
The jackal barely misses you.
A jackal comes into view.
You closely miss the jackal.
Your crimson imp barely misses the jackal.
The jackal barks!
You closely miss the jackal. The jackal closely misses you.
Your crimson imp hits the jackal.
The jackal bites your crimson imp. The jackal bites you.
The jackal bites you but does no damage.
Your crimson imp hits the jackal.
You take 2 damage, and have 13/15 hp.
A metallic apparition takes form in the air.
The jackal bites you.
The jackal closely misses your crimson imp.
The jackal closely misses you.
Your crimson imp misses the jackal.
The jackal barely misses your crimson imp.
You take 3 damage, and have 10/15 hp.
You now have 5/9 mp.
Unknown command.
You hit the jackal.
You kill the jackal!
The jackal bites you. The jackal misses you.
Your crimson imp misses the jackal.
The jackal bites you but does no damage. x2
Your iron imp misses the jackal.
You take 1 damage, and have 9/15 hp.
You are too injured to fight recklessly!
You are too injured to fight recklessly!
You are too injured to fight recklessly!
You barely miss the jackal.
The jackal bites you but does no damage.
The jackal closely misses you. x2; Your crimson imp misses the jackal.
The jackal misses you. The jackal closely misses you.
The jackal barely misses you.
Your iron imp misses the jackal.
You barely miss the jackal. The jackal bites you.
Your crimson imp hits the jackal.
The jackal misses you. x2
The jackal bites you.
Your crimson imp completely misses the jackal.
Your iron imp hits the jackal!
The jackal dies!
You take 2 damage, and have 7/15 hp.
You closely miss the jackal. The jackal barely misses you.
The jackal bites you.
The jackal bites you but does no damage.
Your crimson imp blinks!
The jackal bites you.
You take 2 damage, and have 5/15 hp.
You barely miss the jackal. The jackal closely misses you.
The jackal bites you.
* * * LOW HITPOINT WARNING * * *
The jackal bites you.
* * * LOW HITPOINT WARNING * * *
The jackal bites you.
You die...

##. #.. ... #.. .... # ###.
.... .# .... #..### ####.#
.##. #....# .....### #.
#..#.####......# #.
#...5..§h5....+ #.#.
###.####@h....# #.#.
#####...##################.#.
................ .......##.#.
................ #.....##...
................ #.....###..
........)....... #.....# #..
.........##########.....###..
.........'........#.....'..#.
.........########.#..>..##.#.


You could see 2 jackals, a friendly iron imp and a friendly crimson imp.

Vanquished Creatures
  An ooze (D:1)
  A giant cockroach (D:1)
  2 goblins (D:1)
  A hobgoblin (D:1)
  A jackal (D:1)
  A bat (D:1)
  3 giant newts (D:1)
  A kobold (D:1)
  5 rats (D:1)
16 creatures vanquished.

Vanquished Creatures (collateral kills)
  A jackal (D:1)
1 creature vanquished.

Grand Total: 17 creatures vanquished

Notes
Turn   | Place    | Note
--------------------------------------------------------------
     0 | D:1      | Charmandara the Deep Elf Wizard began the quest for the Orb.
     0 | D:1      | Reached XP level 1. HP: 10/10 MP: 7/7
    20 | D:1      | HP: 2/10 [worm (8)]
   523 | D:1      | Reached skill level 2 in Conjurations
   612 | D:1      | Reached XP level 2. HP: 15/15 MP: 5/9
   712 | D:1      | Learned a level 2 spell: Blink
   715 | D:1      | Learned a level 2 spell: Call Imp
   881 | D:1      | Learned a level 2 spell: Repel Missiles
   995 | D:1      | HP: 3/15 [jackal (2)]
   995 | D:1      | HP: 1/15 [jackal (2)]
   995 | D:1      | Slain by a jackal

Vault maps used:
D:1:      evilmike_arrival_run_for_it, minmay_misc_feat_secret_circle,
          serial_park_tiny_1

Skill      XL: |  1 |
---------------+----+-----
Conjurations   | 2 |  2.9
Dodging        | |  2.4
Stealth        | |  2.4
Spellcasting   | |  4.4
Summonings     | |  1.1
Translocations | |  1.1

Action                   || total
-------------------------++-------
Melee: Unarmed           ||     5
       Club              ||    25
 Cast: Magic Dart        ||    36
       Call Imp          ||     2
Armor: Robe              ||    10
Dodge: Dodged            ||    31

Vault maps used:
D:1:      evilmike_arrival_run_for_it, minmay_misc_feat_secret_circle,
          serial_park_tiny_1

Table legend:
 A = Turns spent in this place as a percentage of turns spent in the entire game.
 B = Non-inter-level travel turns spent in this place as a percentage of non-inter-level travel turns spent in the entire game.
 C = Inter-level travel turns spent in this place as a percentage of turns spent in this place.
 D = Turns resting spent in this place as a percentage of non-inter-level travel turns spent in this place.
 E = Turns spent auto-exploring this place as a percentage of non-inter-level travel turns spent in this place.
 F = Non-inter-level travel turns spent in this place divided by the number of levels of this place that you've seen.
                   A       B       C       D       E      F
               +-------+-------+-------+-------+-------+----------------------
         Total | 100.0 | 100.0 |   0.0 |   5.7 |   7.8 | 230.0
       Dungeon | 100.0 | 100.0 |   0.0 |   5.7 |   7.8 | 230.0
               +-------+-------+-------+-------+-------+----------------------

Table legend:
 A = Kills in this place as a percentage of kills in entire the game.
 B = Kills by you in this place as a percentage of kills by you in the entire game.
 C = Kills by friends in this place as a percentage of kills by friends in the entire game.
 D = Other kills in this place as a percentage of other kills in the entire game.
 E = Experience gained in this place as a percentage of experience gained in the entire game.
 F = Experience gained in this place divided by the number of levels of this place that you have seen.
                   A       B       C       D       E      F
               +-------+-------+-------+-------+-------+----------------------
         Total | 100.0 | 100.0 | 100.0 |  -nan | 100.0 |  27.0
       Dungeon | 100.0 | 100.0 | 100.0 |  -nan | 100.0 |  27.0
               +-------+-------+-------+-------+-------+----------------------
